 Dungeon Crawl Stone Soup version 0.29-a0-824-gd827844252 (webtiles) character file.

Game seed: 192046470998636654

230 gobodom the Insei (level 6, -1/38 HPs)
             Began as an Octopode Transmuter on July 10, 2022.
             Slain by a gnoll
             ... wielding a +0 whip
             ... led by a gnoll bouda
              (8 damage)
             ... on level 4 of the Dungeon.
             The game lasted 00:09:15 (3417 turns).

gobodom the Insei (Octopode Transmuter)             Turns: 3417, Time: 00:09:16

Health: -1/38      AC:  1    Str: 10    XL:     6   Next: 3%
Magic:  8/10       EV: 13    Int: 17    God:
Gold:   225        SH:  0    Dex: 12    Spells: 4/10 levels left

rFire   . . .      SeeInvis .     - Unarmed
rCold   . . .      Faith    .   (no shield)
rNeg    . . .      Spirit   .   (helmet currently unavailable)
rPois   .          Reflect  .   (no amulet)
rElec   .          Harm     .   (no ring)
rCorr   .          Rampage  .   (no ring)
Will    .....                   (no ring)
Stlth   +++.......              (no ring)
HPRegen 0.12/turn               (no ring)
MPRegen 0.12/turn               (no ring)
                                (no ring)
                                (no ring)

@: appendages (expiring), wereblooded
A: tentacle spike 3, almost no armour, amphibious, 8 rings, camouflage 1,
gelatinous body 1, (nimble swimmer 1), tentacles
a: End Transformation


You were on level 4 of the Dungeon.
One of your tentacles had grown a beastly spike.
You visited 1 branch of the dungeon, and saw 4 of its levels.

You collected 225 gold pieces.

Inventory:

Hand Weapons
 n - a +1 dagger of venom
 q - a +3 dagger
Missiles
 i - 6 atropa-tipped darts
 l - a throwing net
Wands
 r - a wand of roots (4)
Scrolls
 f - a scroll of blinking {unknown}
 g - 4 scrolls of teleportation
 k - a scroll of magic mapping {unknown}
 m - a scroll of summoning {unknown}
 o - a scroll of enchant armour {unknown}
 p - a scroll of torment {unknown}
Potions
 a - a potion of lignification
 b - a potion of heal wounds
 d - a potion of curing
 e - a potion of degeneration {unknown}
 h - a potion of haste {unknown}
 j - 2 potions of flight {unknown}


   Skills:
 + Level 1.2 Fighting
 + Level 2.6 Dodging
 + Level 2.4 Stealth
 + Level 4.2 Unarmed Combat
 + Level 2.8 Spellcasting
 + Level 3.3 Transmutations
 * Level 2.0 Poison Magic


You had 4 spell levels left.
You knew the following spells:

 Your Spells              Type           Power      Damage    Failure   Level
a - Beastly Appendage     Tmut           26%        N/A       4%          1
b - Wereblood             Tmut           13%        N/A       7%          2
c - Spider Form           Tmut/Pois      11%        N/A       19%         3

Your spell library contained the following spells:

 Spells                   Type           Power      Damage    Failure   Level
 Ignite Poison            Fire/Tmut/Pois 8%         N/A       26%         3
 Mephitic Cloud           Conj/Pois/Air  4%         N/A       38%         3
 Ice Form                 Ice/Tmut       8%         N/A       65%         4
 Freezing Cloud           Conj/Ice/Air   1%         6-21      99%         5


Dungeon Overview and Level Annotations

Branches:
Dungeon (4/15)
 Temple: D:4-7

Altars:
Dithmenos

Shops:
D:2 ([[?


Innate Abilities, Weirdness & Mutations

One of your tentacles has grown a beastly spike.
You cannot wear most types of armour.
You are amphibious.
You can wear up to eight rings at the same time.
Your skin changes colour to match your surroundings (Stealth+).
Your rubbery body absorbs attacks. (AC +1, EV +1)
((You are camouflaged when in or above water. (Stealth+)))
You have tentacles for arms and can constrict up to eight enemies at once.


Message History

The gnoll bouda barely misses you. The gnoll hits you with a +0 whip.
You barely miss the gnoll.
You pierce the gnoll.
You feel a bit better.
You kill the gnoll!
Your transformation is almost over.
You constrict the gnoll bouda. The adder bites you. The gnoll bouda misses you.
You closely miss the adder. Your grab misses the adder.
Your tentacle spike misses the adder.
You tentacle-slap the adder. You squeeze the adder.
The adder is heavily wounded.
You constrict the gnoll bouda. The adder misses you.
The gnoll hits you but does no damage. The gnoll bouda misses you.
You barely miss the adder. You grab the adder. You tentacle-slap the adder.
The adder is almost dead.
You howl as the wereblood boils in your veins!
You constrict the gnoll bouda. You constrict the adder.
You feel a bit better.
You kill the adder!
The gnoll misses you.
The gnoll bouda hits you with a +0 whip!
You barely miss the gnoll. You grab the gnoll.
You pierce the gnoll, but do no damage.
You constrict the gnoll bouda. You constrict the gnoll.
The gnoll struggles to escape constriction.
The gnoll bouda struggles to escape constriction.
You barely miss the gnoll.
You pierce the gnoll.
The gnoll is moderately wounded.
You constrict the gnoll bouda. You constrict the gnoll.
The gnoll hits you with a +0 club.
You bludgeon the gnoll!
You feel a bit better.
You kill the gnoll!
You constrict the gnoll bouda.
The gnoll bouda hits you with a +0 whip!
* * * LOW HITPOINT WARNING * * *
Your Poison Magic skill increases to level 2!
You have reached level 6!
You tentacle-slap the gnoll bouda.
You pierce the gnoll bouda.
The gnoll bouda is almost dead.
You constrict the gnoll bouda.
You feel a bit better.
You kill the gnoll bouda!
The gnoll hits you with a +0 whip!
You die...

#######
#.....+ #...<.
#.... #...# #
#...###.#####
##.†..@)......
#......g......
#.<...........
#.............
#.............
##..###.####..
#### .# . .#


You could see a gnoll (swift).

Vanquished Creatures
  A gnoll bouda (D:4)
  Natasha (thrice) (D:3)
  An iguana (D:2)
  5 adders
  2 gnolls (D:4)
  A worm (D:2)
  A dart slug (D:2)
  An orc (D:3)
  7 endoplasms
  8 goblins
  10 hobgoblins
  7 ball pythons
  11 bats
  6 frilled lizards
  2 rats (D:2)
66 creatures vanquished.

Notes
Turn   | Place    | Note
-------+----------+-------------------------------------------
     0 | D:1      | gobodom the Octopode Transmuter began the quest for the
                  | Orb.
     0 | D:1      | Reached XP level 1. HP: 13/13 MP: 3/3
   294 | D:1      | Reached XP level 2. HP: 14/18 MP: 1/5
   453 | D:1      | Learned a level 2 spell: Wereblood
  1188 | D:2      | Found Mubokkeg's Weapon Boutique.
  1225 | D:2      | Reached XP level 3. HP: 23/23 MP: 4/6
  1263 | D:2      | Reached skill level 1 in Stealth
  1385 | D:2      | Reached XP level 4. HP: 28/28 MP: 5/7
  1549 | D:2      | Learned a level 3 spell: Spider Form
  1634 | D:2      | Found Byet's Armour Emporium.
  1789 | D:2      | Found Goxoym's Magic Scroll Shop.
  1856 | D:2      | Reached skill level 1 in Poison Magic
  2084 | D:2      | Found Tois's Antique Armour Emporium.
  2541 | D:3      | Noticed Natasha
  2551 | D:3      | Killed Natasha
  2552 | D:3      | Reached XP level 5. HP: 31/33 MP: 5/8
  2644 | D:3      | Found a shadowy altar of Dithmenos.
  2777 | D:3      | Noticed Natasha
  2785 | D:3      | Killed Natasha
  2786 | D:3      | Reached skill level 4 in Unarmed Combat
  2814 | D:3      | Noticed Natasha
  3060 | D:3      | Killed Natasha
  3417 | D:4      | Reached XP level 6. HP: 4/38 MP: 8/10
  3417 | D:4      | Slain by a gnoll

Illustrated notes

Levels and vault maps discovered:
D:1:      scummos_arrival_hexagon, layout_basic
D:2:      cheibrodos_greedy_goblins, layout_basic, serial_shops, shop,
          nicolae_shop_statue_plus, nicolae_shop_trees, shop, minmay_distorted
D:3:      layout_rooms, old_standard_altar, hex_tiny,
          dreamdust_princess_corridor, uniq_natasha
D:4:      layout_gridville, mainiacjoe_overflow_24_doors,
          chequers_serial_rivers_marsh, minivault_14, uniq_edmund,
          uniq_blork_the_orc

Skill      XL: |  1  2  3  4  5 |
---------------+----------------+-----
Stealth        | 1 2 |  2.4
Poison Magic   | 1 2 |  2.0
Transmutations | 3 |  3.3
Unarmed Combat | 4 |  4.2
Fighting       | |  1.2
Dodging        | |  2.6
Spellcasting   | |  2.8

Action                   |  1- 3 |  4- 6 || total
-------------------------+-------+-------++-------
Melee: Unarmed           |    47 |    89 ||   136
       Kick              |    13 |    28 ||    41
       Constrict         |    11 |    25 ||    36
       Tentacles         |     8 |    15 ||    23
       Punch             |     2 |     2 ||     4
 Cast: Beastly Appendage |    16 |    22 ||    38
       Wereblood         |     1 |     4 ||     5
  Use: Scroll            |       |     3 ||     3
 Stab: Sleeping          |     6 |     7 ||    13
Armor: Skin              |    14 |     5 ||    19
Dodge: Dodged            |    38 |    47 ||    85

Table legend: (Time is in decaauts)
 A = Elapsed time spent in this place.
 B = Non-inter-level travel time spent in this place.
 C = Inter-level travel time spent in this place.
 D = Time resting spent in this place.
 E = Time spent auto-exploring this place.
 F = Levels seen in this place.
 G = Mean time per level.
                   A        B        C        D        E       F      G
               +--------+--------+--------+--------+--------+-----+--------+
         Total |   3414 |   3230 |    184 |      0 |   2649 |   4 |  853.5 |
       Dungeon |   3414 |   3230 |    184 |      0 |   2649 |   4 |  853.5 |
               +--------+--------+--------+--------+--------+-----+--------+

Top non-repeatable levels by time:
     D:2: 1241 daAuts
     D:1: 1178 daAuts
     D:3: 970 daAuts
     D:4: 23 daAuts
